 Seeded DCSS version 0.28-a0-664-gc179e30c89 (webtiles) character file.

Game seed: 1962 (custom seed)

86 dracfodder the Skirmisher (level 4, -10/43 HPs)
             Began as a Gargoyle Berserker on Oct 16, 2021.
             Was a Believer of Trog.
             Mangled by an ogre (13 damage)
             ... on level 3 of the Dungeon.
             The game lasted 00:04:25 (2070 turns).

dracfodder the Skirmisher (Gargoyle Berserker)      Turns: 2070, Time: 00:04:26

Health: -10/43     AC:  6    Str: 21    XL:     4   Next: 50%
Magic:  4/4        EV: 12    Int:  8    God:    Trog [**....]
Gold:   111        SH:  0    Dex:  9    Spells: 3/3 levels left

rFire   . . .      SeeInvis .   a - +2 mace
rCold   . . .      Faith    .   (no shield)
rNeg    + . .      Spirit   .   b - +1 animal skin
rPois   ∞          Reflect  .   (no helmet)
rElec   +          Harm     .   (no cloak)
rCorr   .          Rampage  .   (no gloves)
Will    .....                   (no boots)
Stlth   ..........              (no amulet)
HPRegen 0.14/turn               (no ring)
MPRegen 0.09/turn               (no ring)

@: berserking, very quick
A: sickness immunity, AC +3, negative energy resistance 1, electricity
resistance, torment resistance 1, petrification resistance
a: Renounce Religion, Berserk, Trog's Hand


You were on level 3 of the Dungeon.
You worshipped Trog.
Trog was pleased with you.
You visited 1 branch of the dungeon, and saw 4 of its levels.

You collected 111 gold pieces.

Inventory:

Hand Weapons
 a - a +2 mace (weapon)
Missiles
 c - 38 arrows
 e - 17 bolts
 g - 16 poisoned darts (quivered)
 k - 39 stones
 m - 9 sling bullets
 o - 2 throwing nets
Armour
 b - a +1 animal skin (worn)
Scrolls
 j - a scroll of enchant armour
Potions
 d - 2 potions of flight
 f - a potion of lignification {unknown}
 h - a potion of might {unknown}
 i - a potion of brilliance {unknown}
 l - a potion of resistance {unknown}
 n - a potion of cancellation {unknown}


   Skills:
 + Level 4.2 Fighting
 + Level 4.1 Maces & Flails
 + Level 2.4 Armour
 + Level 1.8 Dodging
 + Level 0.5 Stealth


You had 3 spell levels left.
You didn't know any spells.
Your spell library was empty.

Dungeon Overview and Level Annotations

Branches:
Dungeon (4/15)
 Temple: D:4-7

Altars:


Innate Abilities, Weirdness & Mutations

You are immune to sickness and miasma.
Your stone body is resilient. (AC +3)
You are immune to poison.
You resist negative energy. (rN+)
You are resistant to electric shocks. (rElec)
You are resistant to unholy torment.
You are immune to petrification.


Message History

There is a stone staircase leading up here.
You climb upwards.
There is a stone staircase leading down here.
k - 39 stones (gained 19)
You open the door.
There is an open door here.
Things that are here:
a +0 flail; an orc skeleton
There is a stone staircase leading up here.
You climb upwards.
There is a stone staircase leading down here.
You see here a +0 whip.
j - a scroll labelled UXAPUAQECA
As you read the scroll labelled UXAPUAQECA, it crumbles to dust.
Wisps of shadow whirl around you...
It was a scroll of summoning.
j - a scroll of enchant armour You swap places.
You now have 111 gold pieces (gained 15).
Your bat dissolves into shadows!
Your adder dissolves into shadows!
There is a stone staircase leading up here.
There is a stone staircase leading up here.
Done exploring.
There is an escape hatch in the floor here.
There is a stone staircase leading down here.
You climb downwards.
The ogre shouts!
The goblin shouts!
The ogre hits you with a +0 giant club!!
Ouch! That really hurt!
Found 7 gold pieces and a scroll of identify.
There is a stone staircase leading up here.
A red film seems to cover your vision as you go berserk!
You feel yourself moving faster!
You feel mighty! The ogre hits you with a +0 giant club!
* * * LOW HITPOINT WARNING * * *
You closely miss the ogre. You thump the ogre!
The ogre is heavily wounded.
The goblin hits you but does no damage. The ogre hits you with a +0 giant club!
You die...

#....# #.?..#
#....# #....#
#....# #....#
####..g.######
#.....@O.....#
#.......$.##.#
''.........+
##.........#
#.........#
#.........#
#.........#
#.........#


You could see an ogre and a goblin.

Vanquished Creatures
  3 gnolls (D:3)
  An adder (D:2)
  A worm (D:2)
  2 dart slugs (D:2)
  An orc (D:3)
  3 ball pythons (D:1)
  5 endoplasms
  2 giant cockroaches (D:2)
  5 goblins
  6 hobgoblins
  3 quokkas
  A bat (D:1)
  2 frilled lizards
  4 kobolds (D:2)
  A rat (D:2)
40 creatures vanquished.

Notes
Turn   | Place    | Note
-------+----------+-------------------------------------------
     0 | D:1      | dracfodder the Gargoyle Berserker began the quest for the
                  | Orb.
     0 | D:1      | Reached XP level 1. HP: 14/14 MP: 1/1
    60 | D:1      | Reached XP level 2. HP: 15/19 MP: 2/2
   849 | D:1      | Found a faded altar of an unknown god.
   967 | D:2      | Reached XP level 3. HP: 24/24 MP: 3/3
  1398 | D:2      | Reached ** piety under Trog
  1699 | D:2      | You fall into a shaft and drop 1 floor!
  1721 | D:3      | Reached XP level 4. HP: 22/29 MP: 4/4
  2067 | D:3      | Noticed an ogre
  2070 | D:3      | Mangled by an ogre

Illustrated notes

Levels and vault maps discovered:
D:1:      eino_arrival_water_cross, layout_basic,
          chequers_ecumenical_altar_simple
D:2:      layout_basic
D:3:      layout_basic, uniq_natasha
D:4:      layout_rooms, mainiacjoe_overflow_concentric_impassable

Skill      XL: |  1  2  3  4 |
---------------+-------------+-----
Fighting       | 4 |  4.2
Maces & Flails | 4 |  4.1
Armour         | |  2.4
Dodging        | |  1.8
Stealth        | |  0.5

Action                   |  1- 3 |  4- 6 || total
-------------------------+-------+-------++-------
Melee: Mace              |    92 |    10 ||   102
Invok: Trog's Hand       |     1 |       ||     1
       Berserk           |       |     2 ||     2
  Use: Scroll            |     2 |     3 ||     5
 Stab: Sleeping          |     1 |       ||     1
Armor: Animal skin       |    28 |     4 ||    32
Dodge: Dodged            |    48 |     5 ||    53

Table legend: (Time is in decaauts)
 A = Elapsed time spent in this place.
 B = Non-inter-level travel time spent in this place.
 C = Inter-level travel time spent in this place.
 D = Time resting spent in this place.
 E = Time spent auto-exploring this place.
 F = Levels seen in this place.
 G = Mean time per level.
                   A        B        C        D        E       F      G
               +--------+--------+--------+--------+--------+-----+--------+
         Total |   2104 |   2071 |     33 |    297 |   1377 |   4 |  526.0 |
       Dungeon |   2104 |   2071 |     33 |    297 |   1377 |   4 |  526.0 |
               +--------+--------+--------+--------+--------+-----+--------+

Top non-repeatable levels by time:
     D:2: 1066 daAuts
     D:1: 883 daAuts
     D:3: 152 daAuts
     D:4: 1 daAuts
